 Dungeon Sprint DCSS version 0.19.1-1-g22dce08 (webtiles) character file.

4022 Slime the Fencer (level 10, -5/53 HPs)
             Began as a Vine Stalker Berserker on Jan 2, 2017.
             Was the Champion of Trog.
             Slain by a merfolk
             ... wielding a +0 trident
              (10 damage)
             ... in the Dungeon (Sprint V: "Ziggurat Sprint").
             The game lasted 00:08:25 (591 turns).

Slime the Fencer (Vine Stalker Berserker)            Turns: 591, Time: 00:08:25

Health: -5/53      AC: 27    Str: 34    XL:     10   Next: 24%
Magic:  0/15       EV:  8    Int:  7    God:    Trog [******]
Gold:   0          SH:  0    Dex: 13    Spells: 0 memorised, 9 levels left

rFire  . . .     SeeInvis +     I - +14 plutonium sword {*Contam Stlth-}
rCold  . . .     Gourm    .     H - +15 Maxwell's patent armour {-Cast -Tele rElec MR+ rCorr}
rNeg   . . .     Faith    +     (shield currently unavailable)
rPois  .         Spirit   +     O - +1 helmet {SInv}
rElec  +         Reflect  .     (no cloak)
rCorr  +         Harm     .     (no gloves)
MR     ++++.     NoTele   +     (no boots)
Stlth  .......... NoCast   +    b - amulet of faith
                                C - +6 ring of strength
                                B - +6 ring of strength

@: very slightly contaminated, regenerating
A: fangs 3, blurry vision 1, sense surroundings 1, regeneration 1, weak 1, magic
shield, antimagic bite, no device heal 3, rot immunity
a: Berserk, Trog's Hand, Brothers in Arms, Burn Spellbooks, Renounce Religion


You were in the Dungeon.
You worshipped Trog.
Trog was exalted by your worship.
You were full.

You visited 1 branch

Inventory:

Hand Weapons
 I - the +14 plutonium sword (weapon) {*Contam Stlth-}
   (You found it in the Dungeon)

   It causes magical contamination when unequipped.
   It makes you less stealthy.
 T - the +3 rapier of Kuessesere {protect, +Rage Dex+4}
   (Trog gifted it to you in the Dungeon)

   It protects the one who uses it against injury (+AC on strike).
   It affects your dexterity (+4).
   It lets you go berserk.
 X - a +1 antimagic great sword
Armour
 H - the +15 Maxwell's patent armour (worn) {-Cast -Tele rElec MR+ rCorr}
   (You found it in the Dungeon)

   It insulates you from electricity.
   It affects your resistance to hostile enchantments.
   It prevents spellcasting.
   It prevents most forms of teleportation.
   It protects you from acid and corrosion.
 K - the +18 shield of the Gong {rElec rN+ MR+ EV-5}
   (You found it in the Dungeon)

   It affects your evasion (-5).
   It insulates you from electricity.
   It protects you from negative energy.
   It affects your resistance to hostile enchantments.
 O - a +1 helmet of see invisible (worn)
Rods
 S - a +5 rod of clouds (11/11)
   (You found it in the Dungeon)
Jewellery
 a - an uncursed ring of protection from cold
 b - an amulet of faith (around neck)
 x - an uncursed ring of positive energy
 y - an uncursed ring of protection from magic
 B - a +6 ring of strength (left hand)
 C - a +6 ring of strength (right hand)
 N - the ring of Xom's Condemnation {rC+ Dex+5}
   (You found it in the Dungeon)

   [ring of protection from cold]

   It affects your dexterity (+5).
   It protects you from cold.
 U - the ring of Fallacy {Ice Int+3 Dex+4}
   (You found it in the Dungeon)

   [ring of ice]

   It enhances your ice magic.
   It affects your intelligence (+3).
   It affects your dexterity (+4).
   It makes you vulnerable to fire.
   It protects you from cold.
Wands
 D - a wand of disintegration (7/24)
 E - a wand of iceblast (5/15)
 F - a wand of lightning (5/15)
 G - a wand of acid (5/15)
Scrolls
 i - 4 scrolls of blinking
 p - 3 scrolls of recharging
 q - 7 scrolls of fog
 r - a scroll of holy word
 s - 5 scrolls of identify
 t - 5 scrolls of remove curse
 u - 2 scrolls of fear
 V - 4 scrolls of enchant armour
Potions
 d - 10 potions of curing
 e - 10 potions of heal wounds
 f - 6 potions of haste
 g - 7 potions of magic
 h - 3 potions of berserk rage
 j - 2 potions of brilliance
 k - 2 potions of invisibility
 l - 4 potions of resistance
 n - 5 potions of agility
 o - 5 potions of might
Books
 Y - the Handbook of Black Rites and the Compass
   (You found it in the Dungeon)

   Spells                             Type                      Level
   a - Pain                           Necromancy                   1
   b - Regeneration                   Charms/Necromancy            3
   c - Recall                         Summoning/Translocation      3
   d - Dispersal                      Translocation                6
   Trog disapproves of the use of such an item.
Miscellaneous
 m - a disc of storms
 L - a phial of floods
 M - a phial of floods
 R - a sack of spiders
 W - a crystal ball of energy
 Z - a phantom mirror
Comestibles
 c - 3 bread rations
 v - 42 fruits
 w - 4 meat rations


   Skills:
 - Level 6.4 Fighting
 + Level 18.6 Long Blades
 - Level 1.5 Armour
 - Level 1.5 Dodging
 - Level 6.0 Evocations


You had 9 spell levels left.
You didn't know any spells.

Dungeon Overview and Level Annotations

Branches:
Dungeon (1/1)

Altars:
Ashenzari
Cheibriados
Dithmenos
Elyvilon
Fedhas
Gozag
Hepliaklqana
Kikubaaqudgha
Makhleb
Nemelex Xobeh
Okawaru
Qazlal
Ru
Sif Muna
Trog
Uskayaw
Vehumet
Xom
Yredelemnul
Zin
The Shining One
Beogh
Jiyva
Lugonu


Innate Abilities, Weirdness & Mutations

You have razor-sharp teeth.
Your natural rate of healing is unusually fast.
When hurt, damage is shared between your health and your magic reserves.
Your bite disrupts and absorbs the magic of your enemies.
Potions and wands cannot restore your health.
You are immune to rotting.
Scrolls take you a little longer to read.
You passively map a small area around you.
You are weak. (Str -2)


Message History

You cut the hippogriff into ribbons!!!
You kill the hippogriff!
Trog accepts your kill.
The merfolk hits you from afar with a trident!
* * * LOW HITPOINT WARNING * * *
Unknown command.
You carve the centaur like a ham!!!
You kill the centaur!
Trog accepts your kill. Something appears at your feet! Trog grants you a gift!
You feel less exhausted. The merfolk barely misses you.
The merfolk hits you from afar with a trident of protection.
* * * LOW HITPOINT WARNING * * *
The merfolk hits you from afar with a trident!
* * * LOW HITPOINT WARNING * * *
Unknown command.
The merfolk hits you with a trident!
You die...

*▓.........▓..).†..▓
,
▓.........▓..)(...▓
,
▓▓▓▓▓▓▓▓▓▓▓▓▓▓▓▓▓▓▓
,
▓...8©8...▓..8©8..▓
▓..)|}?}..▓..[[...▓
,▓...|.[...▓....|..▓
▓.........▓.......▓
,
▓...mm.m..▓.......▓
▓...†@....▓..))|..▓
▓...))....▓...((..▓
*
,▓.▓..(..▓.▓.▓.(.▓.▓
,
▓...((...(▓...(...▓
*
▓▓▓▓▓▓▓▓▓▓▓▓▓▓▓▓▓▓▓
, ©8 , * , 8© ,, , ,
, , , ,, , ,, ,, ,
,, ,


You could see 3 merfolk.

Vanquished Creatures
  A cyclops (D)
  3 merfolk (D)
  A polar bear (D)
  3 slime creatures (D)
  7 hippogriffs (D)
  A hell hound (D)
  2 ice beasts (D)
  An eye of draining (D)
  6 centaurs (D)
  A killer bee (D)
  A quasit (D)
  A jelly (D)
  2 orc wizards (D)
  4 iron imps (D)
  2 shadow imps (D)
  A white imp (D)
  An ooze (D)
  2 orcs (D)
  A bat zombie (D)
  A ball python simulacrum (D)
42 creatures vanquished.

Notes
Turn   | Place    | Note
-------+----------+-------------------------------------------
     0 | D        | Slime the Vine Stalker Berserker began the quest for the Orb.
     0 | D        | Reached XP level 1. HP: 11/11 MP: 2/2
     0 | D        | Found a deep blue altar of Sif Muna.
     0 | D        | Found a bloodstained altar of Trog.
     0 | D        | Found a sacrificial altar of Ru.
     0 | D        | Found a stormy altar of Qazlal.
     0 | D        | Found an iron altar of Okawaru.
     1 | D        | Found a sparkling altar of Nemelex Xobeh.
     1 | D        | Found a blossoming altar of Fedhas.
     3 | D        | Found an ancient bone altar of Kikubaaqudgha.
     3 | D        | Found a viscous altar of Jiyva.
     3 | D        | Found a corrupted altar of Lugonu.
     3 | D        | Found a hazy altar of Hepliaklqana.
     3 | D        | Found a burning altar of Makhleb.
     3 | D        | Found an opulent altar of Gozag.
    46 | D        | Reached skill level 7 in Long Blades
    46 | D        | Reached XP level 2. HP: 16/16 MP: 3/3
    70 | D        | Entered arena 1.
    72 | D        | Reached skill level 8 in Long Blades
    72 | D        | Reached XP level 3. HP: 18/19 MP: 4/4
    81 | D        | Entered arena 2.
    86 | D        | Reached ** piety under Trog
    86 | D        | Reached skill level 9 in Long Blades
    86 | D        | Gained mutation: Your natural rate of healing is unusually fast. [Vine Stalker growth]
    86 | D        | Reached XP level 4. HP: 22/23 MP: 5/5
    92 | D        | Identified the Volume of Malediction and Feathers
    95 | D        | Reached *** piety under Trog
    98 | D        | Entered arena 3.
    98 | D        | Noticed a hell hound
   103 | D        | Killed a hell hound
   103 | D        | Reached XP level 5. HP: 27/27 MP: 4/10
   104 | D        | Reached **** piety under Trog
   104 | D        | Reached XP level 6. HP: 35/35 MP: 4/11
   105 | D        | Reached skill level 5 in Fighting
   111 | D        | Got the ring of Xom's Condemnation {rC+ Dex+5}
   208 | D        | Entered arena 4.
   213 | D        | Reached ***** piety under Trog
   335 | D        | Entered arena 5.
   335 | D        | Noticed an ice beast
   335 | D        | Noticed a polar bear
   335 | D        | Noticed an ice beast
   338 | D        | Killed an ice beast
   338 | D        | Received a gift from Trog
   338 | D        | Reached skill level 10 in Long Blades
   344 | D        | Killed a polar bear
   344 | D        | Reached skill level 12 in Long Blades
   344 | D        | Reached XP level 7. HP: 41/41 MP: 12/12
   358 | D        | Gained mutation: You are weak. (Str -2) [mutagenic glow]
   413 | D        | Entered arena 6.
   413 | D        | Noticed a hippogriff
   413 | D        | Noticed a hippogriff
   413 | D        | Noticed a hippogriff
   413 | D        | Noticed a merfolk
   423 | D        | Killed a hippogriff
   423 | D        | Reached skill level 13 in Long Blades
   423 | D        | Gained mutation: You have razor-sharp teeth. [Vine Stalker growth]
   423 | D        | Reached XP level 8. HP: 29/45 MP: 8/13
   423 | D        | Killed a hippogriff
   425 | D        | Killed a hippogriff
   425 | D        | Reached skill level 14 in Long Blades
   425 | D        | Received a gift from Trog
   432 | D        | Killed a merfolk
   432 | D        | Reached skill level 15 in Long Blades
   435 | D        | Got a polished rapier {god gift}
   436 | D        | Identified the +3 rapier of Kuessesere {protect, +Rage Dex+4} (Trog gifted it to you in the Dungeon)
   451 | D        | Got the ring of Fallacy {Ice Int+3 Dex+4}
   459 | D        | Gained mutation: You passively map a small area around you. [mutagenic glow]
   467 | D        | Entered arena 7.
   467 | D        | Noticed a hippogriff
   467 | D        | Noticed a merfolk
   467 | D        | Noticed a merfolk
   467 | D        | Noticed a cyclops
   476 | D        | Killed a merfolk
   476 | D        | Reached XP level 9. HP: 48/49 MP: 9/14
   478 | D        | Killed a merfolk
   478 | D        | Reached skill level 16 in Long Blades
   479 | D        | Killed a cyclops
   479 | D        | Received a gift from Trog
   482 | D        | Reached skill level 17 in Long Blades
   493 | D        | Identified the Handbook of Black Rites and the Compass
   495 | D        | Gained mutation: Scrolls take you a little longer to read. [mutagenic glow]
   531 | D        | Entered arena 8.
   543 | D        | Reached ****** piety under Trog
   543 | D        | Received a gift from Trog
   543 | D        | Reached XP level 10. HP: 53/53 MP: 8/15
   578 | D        | Entered arena 9.
   583 | D        | Reached skill level 18 in Long Blades
   590 | D        | Received a gift from Trog
   591 | D        | Slain by a merfolk

Skill      XL: |  1  2  3  4  5  6  7  8  9 10 |
---------------+-------------------------------+-----
Long Blades    | 7 8 9 12 13 15 17 18 | 18.6
Evocations     | 6 |  6.0
Fighting       | 4 6 |  6.4
Armour         | |  1.5
Dodging        | |  1.5

Action                   |  1- 3 |  4- 6 |  7- 9 | 10-12 || total
-------------------------+-------+-------+-------+-------++-------
Melee: Triple sword      |     4 |    21 |    31 |     9 ||    65
       Bite              |     1 |     9 |    12 |     4 ||    26
Invok: Berserk           |       |     2 |     3 |       ||     5
       Burn Spellbooks   |       |     1 |       |       ||     1
       Trog's Hand       |       |       |     2 |     1 ||     3
Evoke: Disc of storms    |       |       |     1 |       ||     1
       Sack of spiders   |       |       |     1 |       ||     1
       Phantom mirror    |       |       |     1 |       ||     1
  Use: Potion            |     1 |       |       |       ||     1
  Eat: Bread ration      |       |       |     2 |       ||     2
Armor: Plate armour      |     4 |    34 |    96 |    44 ||   178
Dodge: Dodged            |     1 |    20 |    38 |    17 ||    76
       Rpst.: Triple sword |     1 |     6 |    10 |     1 ||    18
